 Dungeon Crawl Stone Soup version 0.20.1-1-g8b1a95d (webtiles) character file.

5231 rezek the Gouger (level 10, -1/52 HPs)
             Began as a Felid Transmuter on July 6, 2017.
             Was an Elder of Ashenzari.
             Slain by a polar bear (4 damage)
             ... in an ice cave.
             The game lasted 01:54:43 (19579 turns).

rezek the Gouger (Felid Transmuter)                Turns: 19579, Time: 01:54:44

Health: -1/52      AC:  6    Str:  6    XL:     10   Next: 35%
Magic:  19/31      EV: 12    Int: 16    God:    Ashenzari [****..]
Gold:   474        SH:  0    Dex: 19    Spells: 2/24 levels left
                                        Lives:  0   Deaths: 3

rFire    x . .     SeeInvis +     - Unarmed
rCold    + + +     Gourm    .   (shield unavailable)
rNeg     . . .     Faith    .   (armour unavailable)
rPois    +         Spirit   .   (helmet unavailable)
rElec    .         Reflect  .   (cloak unavailable)
rCorr    .         Harm     .   (gloves unavailable)
MR       +....     Clarity  +   (boots unavailable)
Stlth    ++++......             D - amulet of magic regeneration (curse)
Regen    0.2/turn               k - +3 ring of slaying (curse)
MPRegen  0.4/turn               f - ring of magical power (curse)

@: confusing touch, ice-form
A: no armour, no weapons or thrown items, stealth, see invisible, carnivore 3,
sense surroundings 1, slow metabolism 1, subdued magic 1
a: End Transformation, Curse Item, Scrying, Renounce Religion


You were in an ice cave.
You worshipped Ashenzari.
Ashenzari was greatly pleased with you.
You were very full.
You were a creature of crystalline ice.
You visited 4 branches of the dungeon, and saw 13 of its levels.
You also visited: Sewer and Ice Cave.

You collected 474 gold pieces.

Inventory:

Missiles
 a - 170 arrows
Jewellery
 f - a cursed ring of magical power (right front paw)
 k - a cursed +3 ring of slaying (left front paw)
 C - a +3 ring of intelligence
 D - a cursed amulet of magic regeneration (around neck)
 F - an uncursed ring of poison resistance
Wands
 i - a wand of iceblast (12/15)
 o - a wand of digging (4/24)
 r - a wand of enslavement (2/24)
 B - a wand of paralysis (17/24)
 G - a wand of scattershot (6/9)
 H - a wand of random effects (31/48)
Scrolls
 d - 4 scrolls of teleportation
 h - a scroll of enchant weapon
 j - a scroll of remove curse
 w - a scroll of blinking
 z - a scroll of magic mapping
Potions
 g - a potion of invisibility
 l - a potion of haste
 n - a potion of might
 p - a potion of agility
 q - a potion of brilliance
 s - a potion of flight {unknown}
 v - a potion of lignification
 x - a potion of degeneration {unknown}
 E - a potion of heal wounds
Books
 b - a book of Changes

   Spells                             Type                      Level
   a - Beastly Appendage              Transmutation                1
   b - Sticks to Snakes               Transmutation                2
   c - Spider Form                    Transmutation/Poison         3
   d - Ice Form                       Ice/Transmutation            4
   e - Blade Hands                    Transmutation                5
 e - a book of Misfortune

   Spells                             Type                      Level
   a - Confusing Touch                Hexes                        1
   b - Confuse                        Hexes                        3
   c - Gell's Gravitas                Translocation                3
   d - Petrify                        Transmutation/Earth          4
   e - Metabolic Englaciation         Hexes/Ice                    5
   f - Yara's Violent Unravelling     Hexes/Transmutation          5
 t - a book of Flames

   Spells                             Type                      Level
   a - Flame Tongue                   Conjuration/Fire             1
   b - Throw Flame                    Conjuration/Fire             2
   c - Conjure Flame                  Conjuration/Fire             3
   d - Inner Flame                    Hexes/Fire                   3
   e - Sticky Flame                   Conjuration/Fire             4
   f - Fireball                       Conjuration/Fire             5
 u - a book of Air

   Spells                             Type                      Level
   a - Shock                          Conjuration/Air              1
   b - Swiftness                      Charms/Air                   2
   c - Static Discharge               Conjuration/Air              3
   d - Airstrike                      Air                          4
   e - Lightning Bolt                 Conjuration/Air              5
 A - the Papyrus of Enchantment and the Mountains
   (You found it on level 8 of the Dungeon)

   Spells                             Type                      Level
   a - Confusing Touch                Hexes                        1
   b - Petrify                        Transmutation/Earth          4
   c - Statue Form                    Transmutation/Earth          6
Comestibles
 c - 7 meat rations
 m - 15 royal jellies


   Skills:
 * Level 5.1 Fighting
 + Level 4.2 Dodging
 + Level 6.8 Stealth
 * Level 9.8 Unarmed Combat
 * Level 7.7 Spellcasting
 + Level 2.2(4.9) Conjurations
 * Level 4.7(8.1) Hexes
 + Level 0.2(1.1) Charms
 + Level 1.7(4.1) Translocations
 * Level 6.7(10.3) Transmutations
 + Level 1.9(4.4) Fire Magic
 + Level 3.3(6.3) Ice Magic
 * Level 2.7(5.6) Air Magic
 - Level 2.5(5.3) Poison Magic
 + Level 3.3(6.4) Evocations


You had 2 spell levels left.
You knew the following spells:

 Your Spells              Type           Power        Failure   Level  Hunger
a - Beastly Appendage     Tmut           ####..       1%          1    None
b - Sticks to Snakes      Tmut           ####....     1%          2    None
c - Spider Form           Tmut/Pois      ###.......   1%          3    ##.....
d - Ice Form              Ice/Tmut       ####....     2%          4    ####...
e - Confusing Touch       Hex            ###...       1%          1    None
f - Flame Tongue          Conj/Fire      ###..        1%          1    None
g - Swiftness             Chrm/Air       ##......     3%          2    None
h - Shock                 Conj/Air       ###.         1%          1    None
i - Gell's Gravitas       Tloc           ###.......   4%          3    ##.....
j - Airstrike             Air            ###.......   10%         4    ####...


Dungeon Overview and Level Annotations

Branches:
Dungeon (10/15)            Temple (1/1) D:6            Lair (1/6) D:9
    Orc (1/2) D:9

Altars:
Ashenzari
Cheibriados
Dithmenos
Elyvilon
Fedhas
Gozag
Hepliaklqana
Kikubaaqudgha
Makhleb
Nemelex Xobeh
Okawaru
Qazlal
Ru
Sif Muna
Trog
Uskayaw
Vehumet
Xom
Yredelemnul
Zin
The Shining One

Annotations:
D:7 bees
D:8 hungry ghost bee two headed ogre


Innate Abilities, Weirdness & Mutations

You cannot wear armour.
You are incapable of wielding weapons or throwing items.
Your paws allow you to move quietly. (Stealth)
((You have sharp claws.))
((You have razor-sharp teeth.))
You have supernaturally acute eyesight. (SInv)
You are carnivorous and can eat meat at any time.
((You cover ground quickly.))
((You are covered in thick fur. (AC +2)))
You have a slow metabolism.
((Your sharp claws are effective at attacking unaware monsters.))
((You have a pair of horns on your head.))
You passively map a small area around you.
Your spells are a little easier to cast, but a little less powerful.


Message History

Your ball python misses the wolf.
Your ball python closely misses the wolf.
Your adder completely misses the wolf.
The wolf closely misses your ball python.
Casting: Ice Form
Confirm with . or Enter, or press ? or * to list all spells.
Your front paws begin to glow red.
Your ball python bites the wolf but does no damage.
Your ball python closely misses the wolf.
Your adder misses the wolf. The wolf bites your ball python!
Your ball python dies!
Your adder bites the wolf.
The wolf looks even sicker.
Your adder poisons the wolf!
You hit the polar bear but do no damage.
The wolf closely misses your adder.
Your adder bites the wolf.
Your adder bites the wolf but does no damage.
The polar bear bites you.
* * * LOW HITPOINT WARNING * * *
The polar bear misses you. The polar bear claws you.
You die...

≈≈*
*##..##h#....##
≈ * {
#####.#.###h#
*{ , #h###.h##
* * #h# #..## ,
**.## ##..# , *
* {. ##.# ,* *
, #* #.##### ,
* * *,
####.##.# * , ,
##Y##.#.## *, ,
####.h#...## *
##......#.## *
*
*{##..S.S##.##
* *,
,#..##h##.## *
, ,#.#####.## *
* {#.####.## ,
* {,* #..#....#
*, *,*,
##......##


You could see a polar bear, a wolf and 2 friendly adders.

Vanquished Creatures
  A two-headed ogre (D:8)
  An unseen horror (D:10)
  Pikel (D:6)
  An ice statue (IceCv)
  Psyche (D:8)
  A polar bear (IceCv)
  2 hippogriffs
  A hornet (D:8)
  A shadow (D:9)
  5 yaks (IceCv)
  A hungry ghost (D:9)
  2 two-headed ogre zombies (D:9)
  A soldier ant (D:8)
  A water moccasin (D:8)
  2 hell hounds (D:9)
  2 orc warriors
  3 black bears
  2 slaves (D:6)
  3 ogres
  3 phantoms
  6 wolves (IceCv)
  4 sky beasts
  A crocodile (D:8)
  3 centaurs
  2 big kobolds (D:9)
  Blork the orc (D:5)
  8 bullfrogs
  2 wyvern zombies (D:9)
  2 scorpions (D:9)
  3 troll zombies (D:9)
  8 killer bees
  A howler monkey (D:10)
  9 crimson imps
  2 jellies
  Crazy Yiuf (D:7)
  A bullfrog skeleton (D:8)
  2 hounds
  3 orc priests
  A centaur skeleton (D:6)
  Jessica (D:2)
  2 iguanas (D:8)
  6 orc wizards
  12 worker ants
  A killer bee zombie (D:9)
  3 ogre zombies (D:9)
  A worker ant zombie (D:8)
  11 adders
  A howler monkey skeleton (D:5)
  A shadow imp (D:8)
  2 adder zombies
  An adder skeleton (D:4)
  2 worms
  3 dart slugs
  10 leopard geckos
  31 orcs
  14 giant cockroaches
  2 goblins
  8 hobgoblins
  5 jackals
  7 quokkas
  7 ball pythons
  6 bats
  6 frilled lizards
  A giant cockroach zombie (D:5)
  A goblin skeleton (D:9)
  2 goblin zombies (D:9)
  3 hobgoblin skeletons (D:9)
  4 hobgoblin zombies (D:9)
  A jackal skeleton (D:5)
  A jackal zombie (D:5)
  17 kobolds
  2 leopard gecko skeletons
  An orc skeleton (D:9)
  14 orc zombies (D:9)
  5 rats
290 creatures vanquished.

Vanquished Creatures (collateral kills)
  A polar bear (IceCv)
  A yak (IceCv)
2 creatures vanquished.

Vanquished Creatures (others)
  A rime drake (IceCv)
1 creature vanquished.

Grand Total: 293 creatures vanquished

Notes
Turn   | Place    | Note
-------+----------+-------------------------------------------
     0 | D:1      | rezek the Felid Transmuter began the quest for the Orb.
     0 | D:1      | Reached XP level 1. HP: 9/9 MP: 4/4
   341 | D:1      | Reached XP level 2. HP: 9/12 MP: 4/6
   345 | D:1      | Learned a level 2 spell: Sticks to Snakes
  1425 | D:2      | Reached XP level 3. HP: 11/15 MP: 5/7
  1433 | D:2      | Learned a level 3 spell: Spider Form
  1730 | D:2      | Noticed Jessica
  1854 | D:2      | Killed Jessica
  1854 | D:2      | Reached skill level 4 in Unarmed Combat
  1854 | D:2      | Reached XP level 4. HP: 19/19 MP: 6/9
  2401 | D:3      | Found a glowing drain.
  2564 | Sewer    | Entered a sewer
  2588 | Sewer    | Reached skill level 1 in Poison Magic
  2691 | Sewer    | Reached XP level 5. HP: 7/22 MP: 6/10
  3136 | Sewer    | Gained mutation: Your spells are a little easier to cast, but a little less powerful. [potion of mutation]
  3136 | Sewer    | Gained mutation: You have a pair of small horns on your head. [potion of mutation]
  3136 | Sewer    | Gained mutation: You passively map a small area around you. [potion of mutation]
  3136 | Sewer    | Gained mutation: You have a pair of horns on your head. [potion of mutation]
  3139 | Sewer    | Slain by a bullfrog
  3140 | Sewer    | Reached XP level 4. HP: -2/19 MP: 8/9
  3143 | Sewer    | Killed a bullfrog
  3143 | Sewer    | Reached XP level 5. HP: 21/22 MP: 6/10
  3144 | Sewer    | Reached skill level 1 in Stealth
  3144 | Sewer    | Reached skill level 5 in Unarmed Combat
  3287 | Sewer    | Learned a level 4 spell: Ice Form
  3993 | D:3      | Found a shattered altar of Ashenzari.
  4019 | D:3      | Became a worshipper of Ashenzari the Shackled
  4752 | D:4      | Gained mutation: You are covered in thick fur. (AC +2) [Felid growth]
  4752 | D:4      | Reached XP level 6. HP: 25/25 MP: 4/11
  5421 | D:4      | Found a stormy altar of Qazlal.
  5424 | D:4      | Found a hide-covered altar of Uskayaw.
  5427 | D:4      | Found a white marble altar of Elyvilon.
  5564 | D:4      | Reached * piety under Ashenzari
  5799 | D:5      | Entered Level 5 of the Dungeon
  5918 | D:5      | Learned a level 1 spell: Confusing Touch
  6131 | D:5      | Noticed Blork the orc
  6146 | D:5      | Killed Blork the orc
  6146 | D:5      | Reached XP level 7. HP: 12/28 MP: 7/12
  6429 | D:5      | Reached skill level 6 in Unarmed Combat
  6429 | D:5      | Reached skill level 1 in Hexes
  6664 | D:5      | Reached skill level 1 in Ice Magic
  6738 | D:5      | Reached ** piety under Ashenzari
  7013 | D:6      | Found a staircase to the Ecumenical Temple.
  7027 | Temple   | Entered the Ecumenical Temple
  7298 | D:6      | Reached skill level 1 in Evocations
  7717 | D:6      | Found a sacrificial altar of Ru.
  7874 | D:6      | Noticed Pikel
  7990 | D:6      | HP: 1/28 [slave[Pikel] (3)]
  7994 | D:6      | Killed Pikel
  7994 | D:6      | Reached skill level 7 in Unarmed Combat
  7994 | D:6      | Reached XP level 8. HP: 24/32 MP: 14/14
  8198 | D:7      | Reached *** piety under Ashenzari
  8213 | D:7      | Learned a level 1 spell: Flame Tongue
  8216 | D:7      | Learned a level 2 spell: Swiftness
  8220 | D:7      | Learned a level 1 spell: Shock
  8640 | D:7      | Found a runed door.
  8808 | D:7      | Noticed Crazy Yiuf
  8815 | D:7      | Killed Crazy Yiuf
  8899 | D:7      | Reached skill level 1 in Conjurations
  9445 | D:8      | Reached skill level 1 in Fire Magic
  9560 | D:8      | Reached XP level 9. HP: 35/35 MP: 16/16
  9605 | D:8      | Reached skill level 1 in Air Magic
  9970 | D:8      | Reached skill level 5 in Transmutations
 10093 | D:8      | Reached skill level 5 in Stealth
 10592 | D:8      | Noticed Psyche
 10607 | D:8      | Killed Psyche
 10607 | D:8      | Reached skill level 8 in Unarmed Combat
 10607 | D:8      | Reached skill level 5 in Spellcasting
 10857 | D:8      | Noticed a two-headed ogre
 10883 | D:8      | Killed a two-headed ogre
 10894 | D:8      | Identified the Papyrus of Enchantment and the Mountains
 10900 | D:8      | Learned a level 3 spell: Gell's Gravitas
 11387 | D:9      | Reached XP level 10. HP: 42/42 MP: 17/19
 12334 | D:9      | HP: 2/50 [two-headed ogre zombie (4)]
 12674 | D:9      | Reached skill level 9 in Unarmed Combat
 12743 | D:9      | Noticed a two-headed ogre
 13663 | D:7      | Reached skill level 1 in Translocations
 14526 | D:8      | Learned a level 4 spell: Airstrike
 14920 | D:8      | HP: 2/51 [poisoned by a killer bee]
 14920 | D:8      | Slain by a hungry ghost
 14921 | D:8      | Reached XP level 9. HP: 0/46 MP: 20/28
 15180 | D:9      | HP: 2/46 [centaur (8)]
 15181 | D:9      | Slain by a centaur
 15182 | D:9      | Reached XP level 8. HP: -1/54 MP: 25/27
 15230 | D:9      | Found a staircase to the Orcish Mines.
 15653 | D:9      | Found a staircase to the Lair.
 15669 | D:9      | Reached XP level 9. HP: 39/39 MP: 20/20
 15966 | Orc:1    | Entered Level 1 of the Orcish Mines
 15966 | Orc:1    | Noticed a troll
 16118 | D:10     | Entered Level 10 of the Dungeon
 16352 | D:10     | Noticed a cyclops
 16757 | D:10     | Noticed an unseen horror
 16837 | D:10     | Reached **** piety under Ashenzari
 17412 | D:10     | Killed an unseen horror
 17713 | Lair:1   | Entered Level 1 of the Lair of Beasts
 17713 | Lair:1   | Found a frozen archway.
 17719 | Lair:1   | Noticed a five-headed hydra
 17721 | IceCv    | Entered an ice cave
 17776 | IceCv    | Noticed a polar bear
 17798 | IceCv    | Killed a polar bear
 17880 | IceCv    | Noticed an ice statue
 18420 | IceCv    | Killed a rime drake
 18872 | IceCv    | Killed an ice statue
 18872 | IceCv    | Reached skill level 5 in Fighting
 18872 | IceCv    | Reached XP level 10. HP: 44/44 MP: 22/22
 19579 | IceCv    | Slain by a polar bear

Skill      XL: |  1  2  3  4  5  6  7  8  9 10 |
---------------+-------------------------------+-----
Unarmed Combat | 4 5 7 8 9 |  9.8
Transmutations | 3 4 5 6 |  6.7
Poison Magic   | 1 2 |  2.5
Stealth        | 1 2 4 6 |  6.8
Spellcasting   | 3 4 7 6 |  7.7
Dodging        | 3 4 |  4.2
Hexes          | 2 3 4 |  4.7
Ice Magic      | 2 3 |  3.3
Evocations     | 2 3 |  3.3
Conjurations   | 1 2 |  2.2
Fire Magic     | 1 |  1.9
Air Magic      | 2 |  2.7
Fighting       | 5 4 |  5.1
Translocations | 1 |  1.7
Charms         | |  0.2

Action                   |  1- 3 |  4- 6 |  7- 9 | 10-12 || total
-------------------------+-------+-------+-------+-------++-------
Melee: Unarmed           |    74 |   196 |   400 |   248 ||   918
       Headbutt          |    10 |    16 |    16 |     6 ||    48
       Bite              |     7 |     6 |     5 |     3 ||    21
       Punch             |       |     2 |     1 |     1 ||     4
 Cast: Beastly Appendage |    20 |    17 |     6 |       ||    43
       Spider Form       |       |    14 |    20 |     2 ||    36
       Confusing Touch   |       |     1 |    74 |    42 ||   117
       Ice Form          |       |       |    41 |    36 ||    77
       Shock             |       |       |    25 |    52 ||    77
       Flame Tongue      |       |       |    81 |    33 ||   114
       Sticks to Snakes  |       |       |     3 |    22 ||    25
       Swiftness         |       |       |     1 |     3 ||     4
       Gell's Gravitas   |       |       |     1 |     1 ||     2
Invok: Curse Item        |       |     1 |     2 |       ||     3
 Abil: End Transformatio |       |       |       |     1 ||     1
Evoke: Wand              |       |       |     1 |       ||     1
  Use: Scroll            |       |     8 |    10 |     1 ||    19
       Potion            |       |     2 |     3 |     1 ||     6
 Stab: Sleeping          |       |     7 |    13 |       ||    20
       Confused          |       |     1 |    42 |    18 ||    61
  Eat: Chunk             |     9 |    16 |    31 |    18 ||    74
       Meat ration       |       |       |       |     1 ||     1
Armor: Skin              |     3 |     5 |    41 |    37 ||    86
Dodge: Dodged            |    51 |   174 |   199 |   155 ||   579
